 Dungeon Crawl Stone Soup version 0.29.1-1-gd02db6906a (webtiles) character file.

Game seed: 6127774863462391837

86 MisterFreud the Twirler (level 4, -7/34 HPs)
             Began as a Formicid Gladiator on Oct 11, 2022.
             Mangled by an iguana (10 damage)
             ... on level 6 of the Dungeon.
             The game lasted 00:02:11 (2179 turns).

MisterFreud the Twirler (Formicid Gladiator)        Turns: 2179, Time: 00:02:11

Health: -7/34      AC:  5    Str: 20    XL:     4   Next: 78%
Magic:  4/4        EV: 11    Int:  8    God:
Gold:   93         SH:  8    Dex: 15    Spells: 3/3 levels left

rFire   . . .      SeeInvis +   a - +0 quarterstaff
rCold   . . .      Faith    .   k - +0 kite shield
rNeg    . . .      Spirit   .   b - +1 leather armour
rPois   .          Reflect  .   (helmet unavailable)
rElec   .          Harm     .   (no cloak)
rCorr   .          Rampage  .   i - +0 pair of gloves
Will    .....                   (no boots)
Stlth   +.........              (no amulet)
HPRegen 0.11/turn               (no ring)
MPRegen 0.09/turn               (no ring)

@: no status effects
A: permanent stasis, dig shafts and tunnels, antennae 3, four strong arms
a: Dig, Shaft Self


You were on level 6 of the Dungeon.
You visited 1 branch of the dungeon, and saw 4 of its levels.

You collected 93 gold pieces.

Inventory:

Hand Weapons
 a - a +0 quarterstaff (weapon)
Missiles
 c - 3 throwing nets (quivered)
 d - a javelin
 g - 6 poisoned darts
Armour
 b - a +1 leather armour (worn)
 h - a +0 crystal plate armour
 i - a +0 pair of gloves (worn)
 k - a +0 kite shield (worn)
Scrolls
 e - a scroll of enchant armour
 f - 2 scrolls of identify
 l - a scroll of fear {unknown}
Potions
 j - 2 potions of heal wounds


   Skills:
 + Level 2.4 Fighting
 + Level 4.9 Staves
 - Level 2.0 Throwing
 - Level 2.6 Dodging
 + Level 1.0 Shields


You had 3 spell levels left.
You didn't know any spells.
Your spell library was empty.

Dungeon Overview and Level Annotations

Branches:
Dungeon (3/15)

Altars:

Annotations:
D:3 Grinder


Innate Abilities, Weirdness & Mutations

You cannot be hasted, slowed, berserked, paralysed or teleported.
You can dig through walls and to a lower floor.
You have a pair of large antennae on your head. (SInv)
Your four strong arms can wield two-handed weapons with a shield.


Message History

You sock the centaur skeleton!
The centaur skeleton is heavily damaged.
The centaur skeleton barely misses you.
You block the centaur skeleton's attack.
The centaur skeleton hits you but does no damage.
The centaur skeleton barely misses you.
You hit the centaur skeleton.
The centaur skeleton is severely damaged.
You block the centaur skeleton's attack. x2
You hit the centaur skeleton.
The centaur skeleton is almost destroyed.
The centaur skeleton hits you.
You block the centaur skeleton's attack.
The centaur skeleton hits you but does no damage.
The centaur skeleton barely misses you.
You sock the centaur skeleton!
You destroy the centaur skeleton!
Your Shields skill increases to level 1!
You hit the howler monkey zombie.
The howler monkey zombie is lightly damaged.
The howler monkey zombie barely misses you.
You barely miss the howler monkey zombie.
The howler monkey zombie is lightly damaged.
The howler monkey zombie hits you.
You sock the howler monkey zombie!
The howler monkey zombie is severely damaged.
You block the howler monkey zombie's attack.
You hit the iguana.
The iguana is lightly wounded.
The iguana closely misses you.
You hit the iguana.
The iguana is moderately wounded.
The iguana bites you.
* * * LOW HITPOINT WARNING * * *
Are you sure you want to shaft yourself?
The iguana bites you!
* * * LOW HITPOINT WARNING * * *
You begin to dig a shaft.
You continue digging a shaft.
The iguana bites you!
You die...

##..##..# ..
#######..###..##
........#####..#
...............#
................
.........#####...
(..####.Z# ..
##l# .{ #@# #..#
...# ....# ##....
#..... ..###. ##
.#


You could see an iguana and a howler monkey zombie.

Vanquished Creatures
  A centaur skeleton (D:6)
  2 adders (D:2)
  An orc (D:3)
  3 ball pythons
  4 endoplasms
  2 giant cockroaches (D:2)
  4 goblins
  2 hobgoblins
  3 jackals (D:1)
  5 kobolds
  A quokka (D:1)
  4 bats
  6 frilled lizards
  A rat (D:1)
39 creatures vanquished.

Notes
Turn   | Place    | Note
-------+----------+-------------------------------------------
     0 | D:1      | MisterFreud the Formicid Gladiator began the quest for the
                  | Orb.
     0 | D:1      | Reached XP level 1. HP: 16/16 MP: 1/1
   239 | D:1      | Reached XP level 2. HP: 22/22 MP: 2/2
   686 | D:1      | Found a faded altar of an unknown god.
   712 | D:1      | Reached skill level 4 in Staves
   712 | D:1      | Reached XP level 3. HP: 24/27 MP: 3/3
  1816 | D:2      | Reached XP level 4. HP: 33/33 MP: 4/4
  2087 | D:3      | Noticed Grinder
  2092 | D:3      | You fall into a shaft and drop 3 floors!
  2173 | D:6      | Reached skill level 1 in Shields
  2179 | D:6      | Mangled by an iguana

Illustrated notes

Levels and vault maps discovered:
D:1:      enne_arrival_octagon_isle, layout_basic,
          chequers_ecumenical_altar_island, ebering_dispersal_statue_hall
D:2:      layout_loops_corners
D:3:      layout_rooms, xom_butterflies, uniq_grinder
D:6:      layout_layer_cave, minmay_temple_entry_offerings, serial_undead,
          serial_undead_d, serial_undead_e, serial_undead_e, serial_undead_e,
          serial_shops, shop_coins

Skill      XL: |  1  2  3  4 |
---------------+-------------+-----
Staves         | 4 |  4.9
Shields        | 1 |  1.0
Fighting       | |  2.4
Throwing       | |  2.0
Dodging        | |  2.6

Action                   |  1- 3 |  4- 6 || total
-------------------------+-------+-------++-------
Melee: Quarterstaff      |    90 |    16 ||   106
       Punch             |     2 |       ||     2
 Abil: Shaft Self        |       |     2 ||     2
  Use: Scroll            |     4 |     3 ||     7
 Stab: Sleeping          |     2 |       ||     2
Armor: Leather armour    |    29 |     8 ||    37
Dodge: Dodged            |    74 |     8 ||    82
Block: Kite shield       |       |     6 ||     6
